 Seeded DCSS version 0.30.1-4-g462c640d31 (webtiles) character file.

Game seed: 6351066067085065685 (custom seed)

25 Esekla the Grave Robber (level 2, -8/15 HPs)
             Began as a Deep Elf Necromancer on Aug 20, 2023.
             Was an Initiate of Vehumet.
             Mangled by an iguana (13 damage)
             ... on level 2 of the Dungeon.
             The game lasted 00:08:37 (1304 turns).

Esekla the Grave Robber (Deep Elf Necromancer)      Turns: 1304, Time: 00:08:37

Health: -8/15      AC:  4    Str:  5    XL:     2   Next: 86%
Magic:  8/8        EV: 13    Int: 19    God:    Vehumet [......]
Gold:   134        SH:  0    Dex: 18    Spells: 6/7 levels left

rFire   . . .        s - +5 rapier of the Hero {heavy, rN+ Dex+3}
rCold   . . .        (no shield)
rNeg    + . .        q - +0 robe
rPois   .            j - +0 helmet
rElec   .            (no cloak)
rCorr   .            k - +0 pair of gloves
SInv    .            (no boots)
Will    .....        (no amulet)
Stlth   ++           (no ring)
HPRegen 0.22/turn    (no ring)
MPRegen 0.11/turn

%: no passive effects
@: no status effects
A: no striking features
a: Renounce Religion


You were on level 2 of the Dungeon.
You worshipped Vehumet.
Vehumet was noncommittal.
You visited 1 branch of the dungeon, and saw 4 of its levels.

You collected 134 gold pieces.

Inventory:

Hand Weapons
 a - a +3 dagger of speed
 s - the +5 rapier of the Hero (weapon) {heavy, rN+ Dex+3}
   (You found it on level 3 of the Dungeon)

   Dex:       It affects your dexterity (+3).
   rN:        It protects you from negative energy.
Armour
 j - a +0 helmet (worn)
 k - a +0 pair of gloves (worn)
 q - a +0 robe (worn)
Wands
 c - a wand of roots (9)
Scrolls
 f - 3 scrolls of identify {unknown}
 l - a scroll of enchant armour {unknown}
 m - a scroll of amnesia {unknown}
 n - a scroll of immolation {unknown}
 p - a scroll of blinking {unknown}
Potions
 b - a potion of magic
 d - a potion of ambrosia {unknown}
 e - 2 potions of attraction {unknown}
 g - a potion of haste {unknown}
 h - 2 potions of curing {unknown}
 i - a potion of mutation {unknown}


   Skills:
 + Level 0.4 Short Blades
 * Level 2.8 Dodging
 + Level 2.7 Stealth
 * Level 3.3 Spellcasting
 + Level 5.3 Necromancy


You had 6 spell levels left.
You knew the following spells:

 Your Spells              Type           Power      Damage    Failure   Level
a - Necrotise             Necr           92%        1d8       1%          1

Your spell library contained the following spells:

 Spells                   Type           Power      Damage    Failure   Level
 Vampiric Draining        Necr           23%        2d7       4%          3
 Animate Dead             Necr           23%        N/A       16%         4
 Agony                    Necr           23%        N/A       41%         5


Dungeon Overview and Level Annotations

Branches:
Dungeon (4/15)
 Temple: D:4-7

Altars:
Okawaru
Vehumet
Zin

Shops:
D:2 =


Message History

c - a wand of roots (9);
p - a scroll labelled LIXOR VONLAKI
Items here: ) [[ †.
A goblin comes into view. It is wielding a +3 dagger of speed.
You see here a bubbling blue potion.
h - 2 bubbling blue potions (gained 1)
The helpless goblin fails to defend itself.
You impale the goblin!!
You kill the goblin!
Vehumet accepts your kill.
You see here a +3 dagger of speed.
q - a +3 dagger of speed Adjust (i)tems, (s)pells, or (a)bilities?
q - a +3 dagger of speed Adjust to which letter? (? for menu, Esc to quit)
a - a +3 dagger of speed;
q - a +0 robe (worn)
Adjust (i)tems, (s)pells, or (a)bilities?
o - the +5 rapier of the Hero (weapon)
{heavy, rN+ Dex+3} Adjust to which letter? (? for menu, Esc to quit)
s - the +5 rapier of the Hero (weapon)
{heavy, rN+ Dex+3} Your hands tingle!
a - a +3 dagger of speed (weapon)
Found a short sword.
A gnoll comes into view. It is wielding a +0 spear.
Found 11 gold pieces.
Found a stone staircase leading up.
A rat comes into view.
You now have 134 gold pieces (gained 11).
A black bear comes into view.
An iguana comes into view.
The iguana hisses angrily.
You feel agile.
s - the +5 rapier of the Hero (weapon)
{heavy, rN+ Dex+3}
Found 6 poisoned darts.
You barely miss the iguana. The iguana misses you. The iguana bites you!
Ouch! That really hurt!
* * * LOW HITPOINT WARNING * * *
You puncture the iguana!
The iguana is almost dead.
The iguana bites you!
Ouch! That really hurt!
You die...

#..#####.###
#<.........#
#........).# ######
#.######.#.####.$.....
#.............h.######
# ########.#.#### #..
#.#r# #8.#####.# #
+...l@...# #8.#.#####
#.. ... # ....# (..###
.. #


You could see an iguana.

Vanquished Creatures
  An adder (D:2)
  2 ball pythons
  An endoplasm (D:3)
  4 goblins
  2 hobgoblins (D:3)
  2 bats (D:3)
  3 frilled lizards
  2 kobolds
17 creatures vanquished.

Notes
Turn   | Place    | Note
-------+----------+-------------------------------------------
     0 | D:1      | Esekla the Deep Elf Necromancer began the quest for the
                  | Orb.
     0 | D:1      | Reached XP level 1. HP: 10/10 MP: 6/6
   372 | D:2      | Found Renulab's Jewellery Shop.
   528 | D:4      | Found an iron altar of Okawaru.
   592 | D:4      | Found a glowing silver altar of Zin.
   611 | D:4      | Found a radiant altar of Vehumet.
   615 | D:4      | Became a worshipper of Vehumet
   703 | D:3      | Reached skill level 5 in Necromancy
   811 | D:3      | Reached XP level 2. HP: 14/15 MP: 8/8
  1067 | D:3      | Identified the +5 rapier of the Hero {heavy, rN+ Dex+3}
  1295 | D:2      | Noticed a black bear
  1304 | D:2      | Mangled by an iguana

Illustrated notes

Levels and vault maps discovered:
D:1:      sevenhm_arrival_forest_fort_small_3, layout_rooms,
          chequers_serial_rivers_room_b, minmay_misc_feat_five
D:2:      layout_loops_ring, dreamdust_ecumenical_altar_angels_and_demons,
          serial_shops, shop
D:3:      layout_basic, grunt_temple_overflow_open, minmay_misc_feat_iff
D:4:      layout_basic, nicolae_overflow_quartered_altars, serial_shops,
          nicolae_diamond_shop

Skill      XL: |  1 |
---------------+----+-----
Necromancy     | 5 |  5.3
Short Blades   | |  0.4
Dodging        | |  2.8
Stealth        | |  2.7
Spellcasting   | |  3.3

Action                     || total
---------------------------++-------
  Melee: Short sword       ||    43
         Unarmed           ||     9
         Punch             ||     1
         Rapier            ||    10
    Use: Scroll            ||     1
   Stab: Sleeping          ||     3
 Armour: Robe              ||    16
  Dodge: Dodged            ||    34
